Map: Emerald City CE

Players

xBenx

  • Race: Zerg Zerg
  • League: Gold
  • Spawn Location: 5:00

WarpigxxxL

  • Race: Zerg Zerg
  • Spawn Location: 5:00

BeachBuffet - Winner!

  • Race: Terran Terran
  • Spawn Location: 11:00

Mugi - Winner!

  • Race: Zerg Zerg
  • Spawn Location: 11:00

VOD

Have the link to the VOD?

Description

xBenx, WarpigxxL, vs BeachBuffet, Mugi

Time

  • Played on: April 9, 2024, 4:50 p.m.
  • Length: 21:24
Show
View Real Time Build Order
Export as new Build Order

xBenx Zerg 

Build Orders: Hatch First, Zergling Baneling 

Get SALT Encoding   

  12  0:02  Drone  
  13  0:17  Overlord  
  13  0:19  Drone  
  14  0:35  Drone  
  15  0:36  Drone  
  16  0:57  Drone  
  16  0:58  Drone  
  16  1:00  Hatchery  
  17  1:11  Drone x2  
  17  1:13  Extractor  
  18  1:31  Drone, Spawning Pool  
  18  1:43  Drone  
  19  1:55  Drone x2  
  21  2:15  Drone  
  22  2:19  Drone, Extractor  
  22  2:20  Queen x2  
  26  2:25  Drone x2  
  28  2:30  Overlord  
  28  2:48  Baneling Nest  
  28  2:51  Drone x4  
  28  2:57  Lair  
  31  3:18  Zergling x6  
  34  3:26  Spine Crawler  
  33  3:37  Zergling x4  
  35  3:41  Zergling x2  
  35  3:48  Spine Crawler  
  35  3:52  Spine Crawler  
  35  3:54  Baneling x3  
  33  4:01  Zergling x6  
  36  4:05  Overlord x2  
  33  4:14  Zergling x8  
  34  4:18  Metabolic Boost  
  34  4:20  Centrifugal Hooks  
  34  4:22  Baneling x3  
  34  4:23  Zergling x4  
  36  4:33  Baneling x3  
  28  4:59  Zergling x18  
  36  5:21  Baneling x6  
  34  5:22  Baneling x6  
  28  5:46  Drone x3  
  28  5:47  Drone x3  
  34  5:53  Drone x5  
  39  6:07  Infestation Pit  
  38  6:12  Evolution Chamber, Hatchery  
  38  6:18  Drone x3  
  39  6:20  Spore Crawler  
  39  6:24  Spore Crawler  
  37  6:30  Zergling x6  
  37  6:31  Zergling x2  
  41  6:35  Overlord  
  39  6:50  Baneling  
  39  6:51  Baneling x4  
  38  6:55  Drone x2, Overseer  
  38  6:56  Nydus Network  
  38  6:58  Extractor  
  38  7:05  Zerg Melee Weapons Level 1  
  38  7:08  Overlord  
  38  7:10  Zergling x6  
  42  7:15  Zergling x4  
  43  7:26  Queen  
  43  7:27  Drone  
  46  7:30  Queen  
  47  7:50  Nydus Canal  
  47  7:51  Drone x3  
  49  7:53  Baneling x6  
  49  7:54  Baneling x2  
  48  8:12  Zergling x20  
  56  8:17  Nydus Canal  
  56  8:37  Nydus Canal  
  56  8:40  Zergling x2  
  60  8:41  Zergling x10  
  62  8:48  Baneling  
  62  8:49  Baneling x5  
  53  9:20  Drone  
  53  9:21  Drone x2  
  56  9:29  Drone x4  
  59  9:32  Nydus Canal  
  59  9:35  Zergling x2  
  59  9:36  Zergling x6  
  63  9:48  Nydus Canal  
  63  9:52  Zergling x10  
  65  9:58  Baneling x8  
  65  9:59  Baneling x5  
  65  10:01  Overlord x3  
  65  10:02  Overlord x3  
  64  10:11  Zergling x8  
  64  10:13  Baneling  
  65  10:14  Baneling x5  
  65  10:16  Zerg Ground Armor Level 1  
  65  10:18  Overlord  
  65  10:28  Drone x2  
  67  10:30  Extractor  
  67  10:31  Extractor  
  65  10:39  Burrow  
  65  10:40  Nydus Canal  
  65  10:51  Baneling  
  65  10:52  Baneling x5  
  65  10:56  Drone  
  65  10:57  Drone x2  
  67  10:58  Drone x3  
  70  11:06  Overseer  
  70  11:12  Zergling x2, Hatchery  
  70  11:13  Zergling x18  
  70  11:58  Baneling x2  
  70  11:59  Baneling x7  
  70  12:00  Drone x3  
  73  12:02  Spine Crawler  
  73  12:03  Spore Crawler  
  73  12:05  Queen  
  73  12:06  Drone x3  
  73  12:07  Zergling x6  
  73  12:08  Drone x6  
  84  12:25  Spore Crawler, Spine Crawler  
  84  12:27  Hatchery  
  84  12:28  Nydus Canal  
  81  12:42  Zergling x2  
  81  12:43  Zergling x26  
  90  13:04  Baneling x3  
  90  13:07  Overlord x3  
  90  13:11  Zerg Ground Armor Level 2  
  88  13:16  Queen  
  88  13:17  Spore Crawler  
  85  13:22  Nydus Canal  
  81  13:27  Spore Crawler  
  81  13:28  Spore Crawler  
  81  13:31  Spore Crawler  
  81  13:32  Extractor  
  74  13:34  Drone, Spore Crawler  
  74  13:35  Drone x2  
  76  13:45  Nydus Canal  
  75  14:13  Spore Crawler  
  75  14:14  Hive  
  75  14:17  Drone x3, Spore Crawler  
  75  14:18  Spore Crawler x2  
  75  14:21  Spore Crawler  
  75  14:23  Spore Crawler  
  72  14:27  Drone x3, Spore Crawler  
  72  14:29  Drone x3  
  72  14:30  Spore Crawler  
  72  14:31  Spore Crawler  
  75  14:32  Queen  
  75  14:33  Spore Crawler  
  75  14:36  Drone x2, Spore Crawler  
  75  14:37  Drone  
  75  14:41  Spore Crawler  
  73  14:47  Drone x3  
  76  15:07  Infestor x13  
  99  15:17  Spore Crawler x2  
  99  15:20  Spore Crawler  
  96  15:25  Drone x3  
  96  15:27  Spore Crawler  
  96  15:28  Zergling x2, Spore Crawler  
  95  15:29  Zergling x8  
  100  15:45  Nydus Canal  
  100  15:47  Hatchery  
  99  15:54  Pneumatized Carapace  
  96  16:15  Spore Crawler x2  
  96  16:16  Spore Crawler x2  
  96  16:17  Spore Crawler  
  96  16:18  Zergling x8  
  91  16:19  Zergling x4  
  91  16:24  Nydus Canal  
  92  16:33  Infestor x7  
  90  16:41  Spore Crawler  
  90  16:42  Spore Crawler  
  90  16:43  Spore Crawler  
  90  16:44  Spore Crawler x2  
  90  16:45  Spore Crawler  
  80  16:59  Neural Parasite  
  72  17:16  Nydus Canal  
  68  17:23  Lair  
  68  17:24  Infestor  
  68  17:25  Spawning Pool  
  68  17:26  Infestor x2  
  62  17:30  Drone x3, Hydralisk Den  
  62  17:31  Extractor  
  63  17:48  Nydus Canal  
  59  17:56  Baneling x2  
  59  17:57  Baneling x3  
  56  18:21  Spore Crawler, Hatchery  
  56  18:26  Drone  
  48  18:57  Spore Crawler  
  38  19:15  Nydus Canal  
  38  19:26  Zergling x2  
  38  19:27  Zergling x18  
  48  19:33  Nydus Canal  
  48  19:36  Drone  
  49  19:47  Baneling x4  
  49  19:48  Baneling  
  49  19:56  Drone  
  50  20:05  Nydus Canal  
  50  20:07  Drone x2  
  50  20:10  Infestor  
  52  20:15  Infestor  
  50  20:44  Extractor  
  42  21:00  Drone x7  
  42  21:01  Nydus Canal  
  42  21:02  Zergling x2  
  51  21:07  Extractor  
  51  21:08  Drone  
Show
View Real Time Build Order
Export as new Build Order

WarpigxxxL Zerg 

Build Orders: Pool First 

Get SALT Encoding   

  12  0:08  Overlord  
  12  0:13  Drone  
  13  0:17  Drone  
  14  0:27  Drone  
  15  0:34  Drone, Extractor  
  16  0:42  Drone  
  16  0:54  Drone, Spawning Pool  
  16  1:06  Drone  
  17  1:17  Drone  
  18  1:30  Drone  
  19  1:37  Extractor  
  19  1:38  Drone  
  19  1:52  Lair  
  19  2:00  Drone x2  
  21  2:07  Hatchery  
  20  2:08  Drone  
  21  2:21  Drone  
  22  2:38  Overlord  
  22  2:40  Overlord  
  22  2:52  Nydus Network  
  22  2:53  Zergling x2  
  22  2:56  Metabolic Boost  
  22  3:20  Infestation Pit  
  22  3:23  Drone x4  
  25  3:28  Spine Crawler  
  25  3:32  Zergling x2  
  25  3:40  Roach Warren  
  24  3:42  Zergling x4  
  27  3:55  Zergling x4  
  27  3:58  Hive  
  28  4:06  Zergling x2  
  28  4:07  Zergling x4  
  29  4:20  Nydus Canal  
  27  4:28  Roach x2  
  27  4:29  Roach x2  
  32  4:41  Spine Crawler  
  32  4:43  Spine Crawler  
  30  4:46  Zergling x2  
  31  5:05  Spine Crawler  
  29  5:09  Roach x2  
  28  5:24  Roach x2  
  26  5:33  Roach  
  26  5:41  Roach  
  28  5:47  Roach  
  30  6:00  Roach  
  32  6:20  Roach x2  
  24  6:44  Overseer  
  24  6:53  Ultralisk Cavern  
  23  6:59  Drone  
  24  7:12  Hatchery  
  23  7:18  Nydus Canal  
  23  7:21  Zergling x2  
  23  7:22  Roach  
  26  7:44  Drone x3  
  29  8:05  Drone  
  30  8:08  Drone  
  31  8:13  Queen  
  33  8:29  Drone x3  
  36  8:39  Ultralisk  
  36  8:40  Overlord  
  42  8:50  Nydus Canal  
  40  8:57  Anabolic Synthesis  
  39  9:11  Ultralisk  
  45  9:30  Overlord x2  
  45  9:31  Overlord  
  44  9:39  Chitinous Plating  
  44  9:45  Overlord  
  44  9:58  Ultralisk  
  50  10:05  Zergling x2  
  43  10:48  Ultralisk x2  
  55  11:04  Zergling x2  
  55  11:26  Ultralisk  
  61  11:37  Ultralisk  
  67  11:51  Zergling x6  
  70  12:21  Ultralisk  
  64  12:39  Zergling x2  
  64  12:40  Zergling x4  
  67  13:06  Hatchery  
  67  13:11  Drone  
  67  13:18  Nydus Canal  
  63  13:49  Ultralisk  
  63  13:51  Zergling x2  
  49  14:18  Pneumatized Carapace  
  49  14:20  Zergling x2  
  49  14:21  Zergling x6  
  35  14:30  Drone  
  36  14:35  Nydus Canal  
  35  15:04  Infestor x2  
  39  15:17  Drone x2  
  39  15:18  Drone  
  39  15:51  Drone x5  
  43  16:17  Burrow  
  43  16:21  Ultralisk  
  43  16:24  Zergling x6  
  46  16:50  Extractor  
  46  16:51  Extractor  
  42  17:06  Hatchery  
  37  17:26  Drone x4  
  37  17:27  Drone x2  
  43  17:37  Nydus Canal  
  43  18:03  Drone x3  
  47  18:05  Drone x2  
  47  18:06  Drone  
  49  18:15  Zergling x2  
  49  18:17  Zergling x2  
  51  18:38  Nydus Canal  
  51  18:44  Zergling x2  
  51  18:45  Zergling x12  
  58  19:17  Nydus Canal  
  58  19:23  Roach x4  
  58  19:24  Roach  
  68  19:28  Drone x3  
  68  19:29  Drone  
  55  19:45  Roach x2  
  18  20:11  Zergling x10  
  12  20:45  Hatchery  
  12  20:49  Hatchery  
Show
View Real Time Build Order
Export as new Build Order

BeachBuffet Terran - Winner!

Build Orders:  

Get SALT Encoding   

  12  0:01  SCV  
  13  0:17  Supply Depot  
  13  0:20  SCV  
  14  0:32  SCV  
  14  0:34  Refinery  
  15  0:48  Barracks  
  15  0:49  SCV  
  16  1:01  SCV  
  17  1:05  Barracks  
  17  1:35  Supply Depot  
  17  1:43  Barracks, Barracks Reactor  
  18  1:47  Orbital Command  
  18  1:52  Barracks Reactor  
  17  2:03  Supply Depot  
  17  2:14  SCV  
  18  2:20  Marine  
  18  2:21  Marine  
  20  2:26  SCV  
  20  2:28  Supply Depot  
  21  2:30  Barracks Tech Lab  
  21  2:35  Marine  
  22  2:37  Marine  
  23  2:44  SCV  
  24  2:52  Combat Shield, Marine  
  24  2:55  Marine  
  24  2:57  Marine  
  27  3:01  Marine  
  27  3:03  Marine  
  29  3:10  Marine  
  30  3:13  Marine  
  30  3:15  Marine  
  30  3:19  Marine  
  33  3:21  Marine  
  34  3:28  Marine  
  34  3:33  Marine x2  
  37  3:36  Marine  
  37  3:38  Marine  
  39  3:46  Marine  
  40  3:51  Marine x2  
  40  3:54  Marine  
  43  3:56  Marine  
  44  4:04  Marine  
  44  4:09  Marine x2  
  47  4:12  Marine  
  45  4:20  Marine  
  45  4:22  Marine  
  44  4:26  Marine  
  44  4:27  Marine  
  46  4:35  Marine  
  47  4:43  Supply Depot  
  47  4:48  Marine x4  
  45  4:53  Marine  
  45  5:05  Marine x3  
  45  5:06  Marine  
  49  5:11  Marine  
  48  5:23  Marine x3  
  48  5:24  Marine  
  52  5:29  Marine  
  53  5:41  Marine x3  
  53  5:42  Marine  
  42  6:01  Command Center  
  42  6:08  SCV  
  42  6:22  Marine  
  42  6:23  Marine x4  
  43  6:40  Marine  
  44  6:53  Marine x2  
  46  6:54  Marine x2  
  46  6:58  SCV, Marine  
  50  7:10  Factory, SCV  
  51  7:22  Orbital Command  
  51  7:23  SCV  
  52  7:35  SCV  
  53  7:47  SCV  
  54  7:51  SCV  
  54  7:54  Refinery  
  54  7:56  Refinery  
  55  7:59  SCV  
  55  8:03  SCV  
  55  8:04  Refinery  
  57  8:11  SCV  
  58  8:16  SCV  
  59  8:22  Factory Tech Lab  
  59  8:25  Starport  
  59  8:27  Starport  
  59  8:28  SCV, Engineering Bay  
  60  8:49  Marine x2  
  60  8:50  Marine x2  
  60  8:51  Marine  
  65  9:10  Siege Tank  
  68  9:43  Starport Tech Lab  
  68  9:50  Starport Tech Lab  
  68  9:52  Supply Depot  
  68  10:14  Siege Tank  
  70  10:22  Fusion Core  
  70  10:41  Supply Depot  
  70  11:20  Supply Depot  
  70  11:28  Missile Turret  
  70  11:33  Battlecruiser x2  
  80  11:45  SCV  
  80  11:46  Missile Turret  
  73  11:57  SCV  
  74  12:02  Supply Depot  
  74  12:09  SCV  
  75  12:21  SCV  
  76  12:25  Supply Depot  
  66  12:37  Battlecruiser x2  
  78  12:47  Supply Depot  
  53  13:42  Battlecruiser x2  
  48  14:34  Missile Turret  
  48  14:46  Battlecruiser x2  
  59  16:12  Weapon Refit  
  58  16:30  Battlecruiser  
  58  17:43  Command Center  
  58  19:29  Orbital Command  
  58  20:22  SCV  
  58  20:27  Supply Depot  
  59  20:34  SCV  
  60  20:47  SCV  
  61  20:50  Supply Depot  
Show
View Real Time Build Order
Export as new Build Order

Mugi Zerg - Winner!

Build Orders: Hatch First 

Get SALT Encoding   

  12  0:22  Drone  
  12  0:23  Drone  
  12  0:24  Overlord  
  14  0:48  Drone  
  14  0:49  Hatchery  
  14  0:59  Drone x2  
  16  1:19  Extractor  
  16  1:20  Drone x2  
  17  1:29  Drone  
  18  1:42  Drone  
  19  1:51  Spawning Pool  
  18  1:58  Overlord  
  18  1:59  Drone  
  19  2:16  Drone x2  
  19  2:17  Drone  
  22  2:25  Drone x2  
  24  2:36  Drone  
  25  2:39  Metabolic Boost, Queen  
  25  2:40  Queen  
  25  2:42  Drone  
  25  2:43  Zergling x2  
  31  2:45  Drone  
  32  2:53  Zergling x2  
  33  3:10  Drone  
  34  3:15  Drone  
  34  3:16  Drone  
  36  3:25  Lair  
  36  3:33  Overlord, Hatchery  
  35  3:34  Baneling Nest  
  35  3:36  Drone  
  35  3:52  Drone  
  36  3:56  Queen  
  36  4:01  Drone x5  
  43  4:03  Drone  
  43  4:04  Overlord  
  43  4:07  Overlord  
  42  4:29  Zergling x2  
  42  4:30  Zergling x20  
  53  4:34  Centrifugal Hooks  
  53  4:42  Evolution Chamber  
  52  4:46  Drone x3  
  55  5:02  Extractor  
  55  5:05  Queen  
  52  5:12  Zergling x12  
  52  5:13  Zergling x2  
  55  5:23  Zergling x2  
  55  5:24  Zergling x4  
  55  5:27  Drone  
  56  5:29  Extractor  
  56  5:32  Extractor  
  51  5:36  Zergling x4  
  51  5:41  Queen  
  49  5:51  Zergling x2  
  49  5:52  Zergling x8  
  54  5:57  Queen  
  56  6:16  Queen  
  57  6:19  Hatchery  
  57  6:22  Zergling x2  
  57  6:23  Zergling x10  
  59  6:28  Hatchery  
  57  6:32  Queen  
  57  6:34  Evolution Chamber x2  
  57  6:38  Drone  
  57  6:39  Drone x4  
  57  6:52  Drone  
  54  6:54  Zergling x2  
  54  6:55  Zergling x4  
  57  7:23  Zergling x2  
  58  7:35  Spore Crawler  
  57  7:44  Zergling x2  
  57  7:47  Zergling x4  
  57  7:50  Drone x3  
  63  7:51  Zerg Melee Weapons Level 1  
  63  7:52  Zerg Ground Armor Level 1  
  63  7:57  Drone x3  
  66  8:02  Hatchery  
  51  8:06  Hatchery  
  51  8:07  Hatchery  
  49  8:18  Zergling x2  
  49  8:19  Zergling x4  
  52  8:24  Drone x6  
  52  8:25  Drone  
  52  8:26  Drone  
  60  8:36  Drone  
  60  8:39  Drone  
  62  9:09  Drone x2  
  56  9:10  Drone x4  
  56  9:16  Drone x3  
  49  9:18  Drone x3  
  52  9:28  Zergling x2  
  52  9:29  Zergling x6  
  53  9:36  Drone x2  
  48  9:53  Zergling x8, Infestation Pit  
  48  9:54  Zergling x8  
  55  10:02  Drone x2  
  55  10:03  Drone  
  55  10:07  Drone  
  55  10:08  Drone  
  55  10:11  Zergling x2  
  57  10:15  Drone  
  57  10:16  Drone  
  59  10:25  Zerg Melee Weapons Level 2  
  59  10:47  Spine Crawler  
  59  10:49  Spore Crawler  
  57  10:50  Drone  
  57  10:51  Drone x10  
  57  10:53  Drone  
  69  11:02  Zergling x2  
  69  11:03  Zergling x6  
  72  11:21  Zergling x20  
  72  11:22  Zergling x6  
  72  11:23  Zergling x2  
  78  11:32  Spire  
  73  11:40  Baneling x3  
  73  11:41  Baneling x3  
  73  11:44  Baneling x2  
  73  11:45  Baneling x4  
  73  11:46  Baneling x2  
  62  12:00  Baneling  
  59  12:12  Hatchery  
  44  12:27  Zergling x14  
  44  12:28  Zergling x12  
  57  12:32  Drone x6  
  63  12:46  Hatchery  
  53  13:06  Hatchery  
  44  13:33  Zergling x2  
  39  13:34  Zergling x36  
  39  13:35  Zergling x12  
  47  13:48  Mutalisk x2  
  26  14:04  Zergling x6  
  29  14:20  Drone x3  
  29  15:24  Hatchery  
  29  15:27  Zerg Flyer Weapons Level 1  
  28  15:31  Drone x6  
  30  16:04  Hatchery  
  29  16:10  Drone  
  29  16:11  Drone  
  30  16:19  Drone  
  30  16:20  Drone  
  30  16:24  Drone  
  33  16:47  Zergling x2  
  33  16:48  Zergling x8  
  33  16:51  Drone  
  33  16:52  Drone  
  40  17:14  Drone x5  
  45  17:22  Zerg Flyer Armor Level 1  
  45  17:30  Extractor  
  45  17:32  Extractor, Drone  
  45  17:33  Drone x3  
  47  17:40  Zergling x12  
  53  17:46  Mutalisk  
  53  17:48  Mutalisk  
  53  17:52  Mutalisk  
  55  17:59  Drone x2  
  55  18:00  Drone  
  58  18:07  Mutalisk  
  60  18:27  Drone x3  
  57  18:45  Mutalisk  
  57  18:46  Mutalisk x5  
  65  18:50  Drone  
  65  18:51  Drone  
  67  18:57  Drone  
  67  18:58  Drone  
  69  19:12  Drone  
  69  19:13  Drone  
  69  19:14  Drone  
  66  19:46  Hatchery  
  65  20:06  Mutalisk x3  
  65  20:07  Mutalisk x6  
  83  20:17  Overlord x3  
  84  20:42  Drone  
  84  20:43  Drone x2, Overlord x4  
  84  20:44  Overlord  
  86  20:54  Overseer  
  88  21:12  Hatchery  
Tags
 
Add a new tag
Caveats
  • Supply blocks, unpowered buildings, or Contaminate may cause inaccurate times.
  • Supply counts are checked every 10 seconds.